Map: 파라 사이트 - 래더

Players

Patience - Winner!

  • Race: Protoss Protoss
  • League: Master
  • Spawn Location: 11:00

soO

  • Race: Zerg Zerg
  • Spawn Location: 5:00

Event: IEM Season 13 - Katowice Server Qualifiers America

VOD

Have the link to the VOD?

Description

Time

  • Played on: Jan. 6, 2019, 5:52 p.m.
  • Length: 12:51

All games in this series

Show
View Real Time Build Order
Export as new Build Order

Patience Protoss - Winner!

Build Orders: 1 Gate Expand, Phoenix Opening, Archon Immortal, Archon Drop, Dark Templar Rush 

Get SALT Encoding   

  12  0:00  Probe  
  13  0:13  Probe  
  14  0:19  Pylon  
  14  0:25  Probe  
  15  0:32  Assimilator  
  15  0:33  Probe  
  15  0:42  Probe  
  16  0:44  Gateway  
  17  0:52  Probe  
  18  1:04  Probe  
  19  1:16  Probe  
  20  1:23  Nexus  
  20  1:33  Cybernetics Core  
  20  1:35  Probe  
  21  1:40  Assimilator  
  21  1:47  Probe  
  21  1:50  Pylon  
  22  1:59  Probe  
  22  2:01  Sentry  
  23  2:10  Warp Gate  
  23  2:11  Probe  
  26  2:24  Probe  
  26  2:26  Stalker  
  29  2:32  Probe x2, Twilight Council  
  29  2:34  Phoenix  
  31  2:40  Probe x2  
  31  2:50  Probe x2  
  35  3:02  Probe  
  35  3:03  Probe  
  37  3:13  Gateway  
  37  3:14  Probe  
  37  3:15  Probe  
  37  3:17  Robotics Facility  
  39  3:23  Probe  
  39  3:25  Dark Shrine  
  39  3:26  Probe  
  40  3:32  Probe  
  41  3:37  Gateway  
  41  3:38  Gateway, Probe  
  43  3:41  Probe, Pylon  
  43  3:45  Assimilator  
  44  3:48  Assimilator  
  44  3:50  Probe  
  44  3:52  Warp Prism  
  45  3:56  Probe  
  46  4:03  Probe  
  46  4:07  Pylon  
  49  4:12  Adept x2  
  49  4:17  Probe  
  54  4:21  Pylon  
  54  4:23  Warp Prism  
  54  4:24  Pylon  
  54  4:25  Probe  
  57  4:48  Probe x2  
  57  4:52  Forge  
  55  4:55  Dark Templar  
  55  4:56  Dark Templar x3  
  63  5:00  Probe  
  63  5:05  Observer  
  64  5:13  Pylon  
  65  5:18  Nexus  
  65  5:24  Probe  
  65  5:25  Probe  
  65  5:26  Protoss Ground Weapons Level 1  
  67  5:30  Archon x2  
  67  5:31  Dark Templar x2  
  67  5:32  Dark Templar x2  
  67  5:33  Shield Battery  
  75  5:37  Probe x2  
  77  5:45  Charge  
  77  5:49  Probe, Archon  
  78  5:50  Archon, Pylon  
  78  5:54  Immortal  
  78  5:55  Probe  
  79  6:01  Probe  
  84  6:08  Zealot  
  84  6:10  Adept  
  86  6:11  Zealot x2  
  86  6:15  Probe x2  
  90  6:27  Probe, Immortal  
  90  6:30  Pylon  
  95  6:44  Probe x3  
  95  6:45  Zealot x4  
  106  6:56  Gateway  
  106  6:58  Gateway  
  106  7:01  Protoss Ground Weapons Level 2  
  106  7:05  Probe  
  107  7:09  Gateway  
  107  7:10  Immortal  
  107  7:11  Sentry, Gateway  
  107  7:12  Zealot x2  
  117  7:28  Pylon x2  
  117  7:31  Assimilator  
  117  7:33  Pylon x2  
  117  7:36  Assimilator  
  117  7:37  Probe  
  117  7:41  Probe  
  117  7:42  Probe  
  116  7:44  Pylon  
  116  7:45  Pylon  
  116  7:46  Photon Cannon  
  116  7:48  Photon Cannon  
  116  7:49  Probe  
  116  7:50  Sentry x4  
  125  7:54  Photon Cannon  
  125  7:57  Immortal  
  129  8:15  Templar Archives, Dark Templar x2  
  129  8:16  Zealot x3  
  139  8:20  Archon  
  139  8:26  Zealot x3  
  145  8:33  Immortal  
  141  8:39  Zealot x3  
  121  8:47  Zealot x2  
  121  8:48  Zealot x3  
  127  8:51  Psionic Storm  
  125  9:00  Robotics Facility  
  117  9:08  High Templar x3  
  117  9:09  High Templar  
  119  9:24  Probe x2  
  119  9:27  Shield Battery  
  119  9:30  Immortal, Shield Battery  
  125  9:35  Nexus  
  125  9:36  Pylon  
  125  9:44  Shield Battery  
  125  9:46  Pylon  
  125  9:50  Protoss Ground Armor Level 1  
  125  9:52  Immortal  
  125  9:55  Pylon  
  129  10:02  Probe x3  
  130  10:09  Immortal  
  134  10:19  Nexus  
  132  10:25  Immortal  
  132  10:34  Adept  
  135  10:35  Stalker  
  135  10:36  Stalker x2  
  137  10:48  Immortal  
  141  10:52  High Templar x4  
  141  10:56  Archon x2  
  130  11:04  Immortal  
  130  11:09  Zealot x4  
  140  11:24  Nexus  
  140  11:26  Pylon  
  140  11:27  High Templar, Immortal  
  140  11:28  High Templar  
  140  11:31  Zealot x4  
  156  11:32  High Templar x2  
  156  11:37  Archon x2  
  160  11:40  Archon  
  132  12:00  Zealot x6  
  144  12:06  Pylon  
  144  12:14  High Templar x2  
  148  12:18  High Templar  
  148  12:19  Zealot  
  148  12:20  Archon  
  152  12:23  Zealot x4  
  152  12:24  Archon  
  125  12:44  Zealot x2  
  125  12:45  Zealot x4  
  125  12:46  Zealot  
  125  12:47  Zealot  
Show
View Real Time Build Order
Export as new Build Order

soO Zerg 

Build Orders: Hatch First 

Get SALT Encoding   

  12  0:00  Drone  
  13  0:12  Overlord  
  13  0:16  Drone  
  14  0:30  Drone x2  
  14  0:34  Drone  
  17  0:50  Hatchery  
  17  0:54  Drone  
  17  0:56  Drone  
  18  1:07  Extractor  
  17  1:11  Spawning Pool  
  17  1:14  Drone  
  17  1:18  Drone  
  18  1:28  Drone  
  19  1:38  Drone  
  20  1:49  Overlord  
  20  1:57  Queen  
  22  2:02  Queen  
  22  2:03  Zergling x4  
  22  2:08  Metabolic Boost  
  26  2:10  Drone  
  26  2:13  Drone  
  28  2:24  Drone x2  
  30  2:34  Drone  
  30  2:36  Drone  
  32  2:38  Hatchery  
  31  2:45  Queen  
  31  2:49  Overlord  
  33  2:51  Drone  
  33  2:54  Drone  
  35  3:01  Drone  
  36  3:08  Drone x2  
  36  3:11  Drone x3  
  41  3:17  Overlord  
  41  3:24  Overlord  
  41  3:33  Overlord  
  41  3:35  Queen  
  41  3:37  Drone  
  44  3:43  Evolution Chamber, Drone x2  
  44  3:45  Drone  
  44  3:47  Spore Crawler, Drone  
  46  3:49  Drone  
  46  3:50  Queen, Drone  
  46  3:52  Drone x2  
  52  3:57  Drone  
  52  3:58  Drone  
  52  4:01  Drone  
  55  4:04  Zergling x4  
  57  4:10  Zerg Melee Weapons Level 1  
  57  4:11  Zergling x4  
  57  4:16  Zergling x8  
  63  4:19  Spore Crawler  
  63  4:23  Extractor, Baneling Nest, Drone x2  
  61  4:31  Overlord  
  61  4:32  Zergling x6  
  61  4:33  Overlord  
  64  4:38  Overlord  
  64  4:45  Queen  
  64  4:46  Overlord  
  64  4:49  Queen  
  64  4:52  Drone x2  
  68  4:53  Drone  
  68  5:05  Zergling x20  
  69  5:15  Drone x3  
  69  5:17  Lair  
  72  5:23  Spore Crawler, Drone  
  72  5:24  Drone x2  
  72  5:28  Drone x2  
  76  5:38  Drone x4  
  76  5:39  Drone x2  
  76  5:45  Queen  
  76  5:46  Roach Warren  
  76  5:48  Zergling x6  
  80  5:54  Queen, Drone  
  83  6:11  Zergling x18  
  83  6:20  Zergling x6  
  83  6:22  Overlord  
  85  6:27  Glial Reconstitution  
  85  6:28  Overlord  
  85  6:29  Overlord, Centrifical Hooks, Zerg Melee Weapons Level 2  
  85  6:30  Extractor  
  84  6:33  Overseer  
  84  6:37  Overlord  
  83  6:43  Roach x3, Overlord  
  83  6:46  Extractor  
  83  6:47  Overlord  
  88  6:48  Roach x2  
  88  6:51  Roach  
  88  6:53  Roach  
  96  6:54  Roach  
  96  6:57  Baneling  
  96  6:58  Baneling x2  
  96  6:59  Roach, Zergling x4  
  96  7:00  Zergling x6  
  104  7:05  Roach  
  107  7:08  Roach  
  107  7:10  Roach  
  108  7:19  Drone x3  
  108  7:21  Drone x3  
  112  7:27  Zergling x2  
  112  7:29  Drone  
  114  7:32  Roach  
  114  7:34  Hatchery  
  114  7:36  Roach  
  114  7:37  Roach x2  
  120  7:38  Roach  
  120  7:42  Overlord  
  120  7:43  Roach  
  123  7:49  Roach  
  125  7:55  Roach x2  
  128  8:03  Zergling x8  
  128  8:04  Overlord, Zergling x4  
  132  8:05  Overlord  
  132  8:09  Overlord  
  132  8:16  Ravager x2  
  132  8:17  Baneling x9  
  132  8:18  Zergling x6  
  137  8:26  Zergling x2  
  137  8:27  Zergling x4  
  140  8:28  Baneling x3  
  140  8:29  Zergling x6  
  136  8:35  Zergling x12  
  136  8:39  Roach x2  
  124  8:45  Roach  
  120  8:49  Roach x3  
  120  8:52  Roach  
  123  8:56  Roach x3  
  122  9:03  Roach  
  122  9:04  Roach x3  
  124  9:13  Zergling x4  
  124  9:14  Zergling x8  
  130  9:21  Ravager  
  130  9:23  Zergling x8  
  135  9:27  Drone  
  135  9:28  Drone  
  137  9:36  Drone x4  
  137  9:37  Drone x3  
  144  9:40  Hatchery, Zerg Ground Armor Level 1  
  144  9:44  Zergling x2  
  144  9:45  Zergling x8  
  145  9:55  Zergling x2, Baneling x4  
  145  9:56  Zergling x12  
  145  9:58  Drone x2  
  154  10:01  Drone  
  154  10:06  Zergling x12  
  159  10:07  Baneling x6  
  156  10:17  Zergling x12  
  156  10:19  Overseer  
  162  10:23  Pneumatized Carapace  
  162  10:26  Zergling x2  
  162  10:27  Zergling x8  
  167  10:31  Baneling x6  
  167  10:32  Baneling  
  166  10:41  Zergling x4  
  166  10:42  Zergling x2  
  168  10:43  Overlord  
  168  10:48  Overlord x3  
  167  10:50  Overlord  
  167  10:51  Overlord  
  167  10:52  Extractor  
  167  10:53  Overlord, Extractor  
  164  10:57  Zergling x2  
  164  10:58  Zergling x12  
  164  11:02  Roach x3, Zergling x12  
  156  11:05  Zergling x2  
  156  11:10  Drone x2  
  156  11:11  Drone x3  
  159  11:12  Drone x2  
  159  11:23  Ravager, Zergling x8  
  159  11:24  Zergling x6  
  167  11:30  Drone x3  
  170  11:35  Ravager x2  
  170  11:36  Zergling x10  
  170  11:37  Zergling x14  
  158  11:47  Zergling x6  
  158  11:48  Zergling x8  
  158  11:51  Zergling x4  
  138  11:55  Zergling x8  
  138  11:57  Roach  
  132  12:02  Roach x6  
  132  12:05  Baneling x3  
  132  12:06  Baneling x15  
  132  12:07  Zergling x8  
  141  12:12  Baneling x6  
  141  12:13  Zergling x8  
  141  12:15  Baneling x2  
  145  12:16  Zergling x12  
  145  12:21  Baneling x3  

Tags
 
Add a new tag
Caveats
  • Supply blocks, unpowered buildings, or Contaminate may cause inaccurate times.
  • Supply counts are checked every 10 seconds.